 Dungeon Sprint DCSS version 0.21-a0-297-ga3d34c2 (webtiles) character file.

1392 potatolord6000 the Martial Artist (level 8, -9/80 HPs)
             Began as a Gnoll Transmuter on Sept 28, 2017.
             Was an Elder of Sif Muna.
             Splashed by an acid dragon's acid (13 damage)
             ... in the Dungeon (Sprint VII: "The Pits").
             The game lasted 00:04:37 (740 turns).

potatolord6000 the Martial Artist (Gnoll Transmuter) Turns: 740, Time: 00:04:38

Health: -9/80      AC:  3    Str: 14    XL:     8   Next: 68%
Magic:  17/19      EV: 15    Int: 16    God:    Sif Muna [****..]
Gold:   0          SH:  0    Dex: 16    Spells: 12/22 levels left

rFire    x . .     SeeInvis .     - Unarmed
rCold    + + +     Gourm    .   (shield currently unavailable)
rNeg     . . .     Faith    .   (armour currently unavailable)
rPois    +         Spirit   .   (helmet currently unavailable)
rElec    .         Reflect  .   (cloak currently unavailable)
rCorr    .         Harm     .   (gloves currently unavailable)
MR       .....     NoTele   +   (boots currently unavailable)
Stlth    +++.......             (no amulet)
HPRegen  0.23/turn              (no ring)
MPRegen  0.16/turn              (no ring)

@: ice-form, corroded, very slightly contaminated
A: distributed training, strong nose
a: End Transformation, Divine Energy, Channel Magic, Forget Spell, Renounce
Religion


You were in the Dungeon.
You worshipped Sif Muna.
Sif Muna was greatly pleased with you.
You were not hungry.
You were a creature of crystalline ice.
You visited 1 branch

Inventory:

Missiles
 a - 12 arrows
Armour
 b - a +0 robe (melded)
Scrolls
 l - 3 scrolls of remove curse
 m - 5 scrolls of amnesia
 n - a scroll of summoning
Potions
 e - 6 potions of curing
 f - 3 potions of heal wounds
 g - a potion of haste
 h - 4 potions of magic
 i - 3 potions of berserk rage
 k - 2 potions of invisibility
Books
 c - a book of Changes

   Spells                             Type                      Level
   a - Beastly Appendage              Transmutation                1
   b - Sticks to Snakes               Transmutation                2
   c - Spider Form                    Transmutation/Poison         3
   d - Ice Form                       Ice/Transmutation            4
   e - Blade Hands                    Transmutation                5
Comestibles
 d - 8 bread rations
 o - 40 fruits
 p - 7 meat rations


   Skills:
 + Level 7.0 Fighting
 + Level 7.0 Short Blades
 + Level 6.8 Long Blades
 + Level 6.5 Axes
 + Level 6.0 Maces & Flails
 + Level 6.3 Polearms
 + Level 6.4 Staves
 + Level 7.0 Slings
 + Level 6.2 Bows
 + Level 6.4 Crossbows
 + Level 6.3 Throwing
 + Level 6.5 Armour
 + Level 7.8 Dodging
 + Level 6.2 Stealth
   Level 0.0 Stabbing
 + Level 6.2 Shields
   Level 0.0 Traps
 + Level 9.3 Unarmed Combat
 + Level 7.9 Spellcasting
 + Level 5.9 Conjurations
 + Level 6.0 Hexes
 + Level 6.3 Charms
 + Level 6.2 Summonings
 + Level 7.1 Necromancy
 + Level 6.2 Translocations
 + Level 8.0 Transmutations
 + Level 7.0 Fire Magic
 + Level 6.0 Ice Magic
 + Level 5.8 Air Magic
 + Level 7.2 Earth Magic
 + Level 6.5 Poison Magic
 + Level 6.4 Invocations
 + Level 6.6 Evocations


You had 12 spell levels left.
You knew the following spells:

 Your Spells              Type           Power        Failure   Level  Hunger
a - Beastly Appendage     Tmut           ####..       1%          1    None
b - Ice Form              Ice/Tmut       ####....     6%          4    ####...
c - Blade Hands           Tmut           ####......   11%         5    #####..


Dungeon Overview and Level Annotations

Branches:
Dungeon (1/1)

Altars:
Ashenzari
Cheibriados
Dithmenos
Elyvilon
Fedhas
Gozag
Hepliaklqana
Kikubaaqudgha
Makhleb
Nemelex Xobeh
Okawaru
Qazlal
Ru
Sif Muna
Trog
Uskayaw
Vehumet
Wu Jian
Xom
Yredelemnul
Zin
The Shining One
Beogh
Jiyva
Lugonu


Innate Abilities, Weirdness & Mutations

Your experience applies equally to all skills.
((You have very sharp teeth.))
Your uncanny sense of smell can sniff out nearby items.


Message History

The molten gargoyle hits you with a flail.
You are engulfed in flames!!
The fire burns you terribly!
* * * LOW HITPOINT WARNING * * *
There is an open door here.
You feel much better.
The molten gargoyle blasts magma at you!
The bolt of magma hits you! The lava burns you terribly!
* * * LOW HITPOINT WARNING * * *
The kobold hits you but does no damage.
Unknown command.
Unknown command.
Blink to where?
Press: ? - help, Dir - move target cursor You are very lightly contaminated with residual magic.
As you read the scroll of blinking, it crumbles to dust.
The acid dragon spits acid at you. The splash of acid hits you!
* * * LOW HITPOINT WARNING * * *
The acid corrodes you!
You are splashed with acid!
The acid burns!
You die...

#.#[[###'####.......#
#.##'#.....##...<...#
#.#........##.......#
#.#........##.......#
#'###########.......#
#...)...#..##########
#..###..#)######
#.......#.#....#∆∆∆∆
##.###Y##'#K...#∆∆∆∆
#.....9.#†§D...+∆∆∆∆
#..###..#'#....#∆∆
#.......D.#....#∆∆
################


You could see a molten gargoyle and an acid dragon.

Vanquished Creatures
  A hippogriff (D)
  A fire bat (D)
  A warg (D)
  A water moccasin (D)
  A porcupine (D)
  3 floating eyes (D)
  A black bear (D)
  A sky beast (D)
  2 ice beasts (D)
  An ogre (D)
  An adder (D)
  An ooze (D)
  An adder zombie (D)
  A leopard gecko (D)
  A bat skeleton (D)
  2 goblins (D)
  4 jackals (D)
24 creatures vanquished.

Notes
Turn   | Place    | Note
-------+----------+-------------------------------------------
     0 | D        | potatolord6000 the Gnoll Transmuter began the quest for the Orb.
     0 | D        | Reached XP level 1. HP: 17/17 MP: 6/6
    19 | D        | Reached skill level 1 in Short Blades
    19 | D        | Reached skill level 1 in Long Blades
    19 | D        | Reached skill level 1 in Axes
    19 | D        | Reached skill level 1 in Armour
    19 | D        | Reached skill level 5 in Spellcasting
    19 | D        | Reached skill level 1 in Charms
    19 | D        | Reached skill level 1 in Necromancy
    19 | D        | Reached skill level 1 in Fire Magic
    19 | D        | Reached skill level 1 in Earth Magic
    24 | D        | Found a bloodstained altar of Trog.
    24 | D        | Found a deep blue altar of Sif Muna.
    24 | D        | Found a viscous altar of Jiyva.
    24 | D        | Found a hazy altar of Hepliaklqana.
    24 | D        | Found an opulent altar of Gozag.
    48 | D        | Found a glowing golden altar of the Shining One.
    48 | D        | Found a glowing silver altar of Zin.
    48 | D        | Found a basalt altar of Yredelemnul.
    48 | D        | Found a shimmering altar of Xom.
    48 | D        | Found an ornate altar of the Wu Jian Council.
    48 | D        | Found a sacrificial altar of Ru.
    48 | D        | Found a stormy altar of Qazlal.
    48 | D        | Found an iron altar of Okawaru.
    48 | D        | Found a sparkling altar of Nemelex Xobeh.
    48 | D        | Found a burning altar of Makhleb.
    48 | D        | Found a blossoming altar of Fedhas.
    48 | D        | Found a white marble altar of Elyvilon.
    48 | D        | Found a shadowy altar of Dithmenos.
    48 | D        | Found a snail-covered altar of Cheibriados.
    51 | D        | Found a corrupted altar of Lugonu.
    51 | D        | Found a radiant altar of Vehumet.
    51 | D        | Found a roughly hewn altar of Beogh.
    52 | D        | Found an ancient bone altar of Kikubaaqudgha.
    52 | D        | Found a hide-covered altar of Uskayaw.
    52 | D        | Found a shattered altar of Ashenzari.
    53 | D        | Became a worshipper of Sif Muna the Loreminder
    66 | D        | Reached skill level 1 in Staves
    66 | D        | Reached skill level 1 in Crossbows
    67 | D        | Noticed a floating eye
    70 | D        | Killed a floating eye
    70 | D        | Reached * piety under Sif Muna
    70 | D        | Reached skill level 5 in Dodging
    70 | D        | Reached skill level 7 in Unarmed Combat
    70 | D        | Reached skill level 5 in Transmutations
    70 | D        | Reached XP level 2. HP: 25/25 MP: 5/8
    70 | D        | Reached XP level 3. HP: 30/30 MP: 6/10
    70 | D        | Reached XP level 4. HP: 37/37 MP: 6/11
   113 | D        | Learned a level 4 spell: Ice Form
   114 | D        | Noticed a floating eye
   117 | D        | Killed a floating eye
   117 | D        | Reached XP level 5. HP: 43/43 MP: 10/13
   121 | D        | Reached ** piety under Sif Muna
   130 | D        | Noticed an ice beast
   135 | D        | Reached XP level 6. HP: 50/50 MP: 9/15
   141 | D        | Killed an ice beast
   141 | D        | Reached skill level 5 in Fighting
   185 | D        | Learned a level 5 spell: Blade Hands
   208 | D        | Noticed a fire bat
   213 | D        | Noticed a black bear
   220 | D        | Noticed a water moccasin
   225 | D        | Killed a water moccasin
   225 | D        | Reached *** piety under Sif Muna
   225 | D        | Reached skill level 5 in Short Blades
   225 | D        | Reached skill level 5 in Long Blades
   225 | D        | Reached skill level 5 in Slings
   225 | D        | Reached skill level 5 in Armour
   225 | D        | Reached skill level 8 in Unarmed Combat
   225 | D        | Reached skill level 5 in Necromancy
   225 | D        | Reached skill level 5 in Fire Magic
   225 | D        | Reached skill level 5 in Evocations
   228 | D        | Killed a black bear
   228 | D        | Reached skill level 5 in Axes
   228 | D        | Reached skill level 5 in Polearms
   228 | D        | Reached skill level 5 in Stealth
   228 | D        | Reached skill level 5 in Earth Magic
   228 | D        | Reached skill level 5 in Poison Magic
   228 | D        | Reached skill level 5 in Invocations
   228 | D        | Reached XP level 7. HP: 47/57 MP: 13/17
   230 | D        | Reached skill level 5 in Maces & Flails
   230 | D        | Reached skill level 5 in Staves
   230 | D        | Reached skill level 5 in Bows
   230 | D        | Reached skill level 5 in Charms
   230 | D        | Reached skill level 5 in Summonings
   230 | D        | Reached skill level 5 in Translocations
   230 | D        | Reached skill level 5 in Ice Magic
   238 | D        | Killed a fire bat
   238 | D        | Reached skill level 5 in Crossbows
   238 | D        | Reached skill level 5 in Throwing
   238 | D        | Reached skill level 5 in Shields
   238 | D        | Reached skill level 5 in Conjurations
   238 | D        | Reached skill level 5 in Hexes
   238 | D        | Reached skill level 5 in Air Magic
   245 | D        | Reached **** piety under Sif Muna
   478 | D        | Reached skill level 9 in Unarmed Combat
   478 | D        | Reached XP level 8. HP: 50/65 MP: 12/19
   552 | D        | Noticed a hippogriff
   555 | D        | Killed a hippogriff
   558 | D        | Paralysed by a floating eye for 4 turns
   729 | D        | Noticed a molten gargoyle
   740 | D        | HP: 4/80 [acid dragon/splash of acid (11)]
   740 | D        | Splashed by an acid dragon's acid

Vault maps used:
D:        pitsprint

Skill      XL: |  1  2  3  4  5  6  7  8 |
---------------+-------------------------+-----
Short Blades   | 3 4 5 6 7 |  7.0
Long Blades    | 3 4 5 6 |  6.8
Axes           | 3 4 5 6 |  6.5
Armour         | 3 4 5 6 |  6.5
Spellcasting   | 5 6 7 |  7.9
Charms         | 3 4 5 6 |  6.3
Necromancy     | 3 4 5 6 7 |  7.1
Fire Magic     | 3 4 5 6 7 |  7.0
Earth Magic    | 2 3 5 6 7 |  7.2
Staves         | 2 3 4 5 6 |  6.4
Crossbows      | 2 3 4 5 6 |  6.4
Fighting       | 4 5 6 7 |  7.0
Maces & Flails | 2 3 4 5 6 |  6.0
Polearms       | 2 3 5 6 |  6.3
Slings         | 3 4 5 6 7 |  7.0
Bows           | 2 3 4 5 6 |  6.2
Throwing       | 2 3 4 5 6 |  6.3
Dodging        | 5 6 7 |  7.8
Stealth        | 2 3 5 6 |  6.2
Shields        | 2 3 4 5 6 |  6.2
Unarmed Combat | 7 8 9 |  9.3
Conjurations   | 2 3 4 5 |  5.9
Hexes          | 2 3 4 5 6 |  6.0
Summonings     | 2 3 4 5 6 |  6.2
Translocations | 2 3 4 5 6 |  6.2
Transmutations | 5 6 7 8 |  8.0
Ice Magic      | 2 3 4 5 6 |  6.0
Air Magic      | 2 3 4 5 |  5.8
Poison Magic   | 2 3 5 6 |  6.5
Invocations    | 3 5 6 |  6.4
Evocations     | 2 3 4 5 6 |  6.6

Action                   |  1- 3 |  4- 6 |  7- 9 || total
-------------------------+-------+-------+-------++-------
Melee: Unarmed           |     5 |    26 |    23 ||    54
       Kick              |     2 |     1 |       ||     3
 Cast: Beastly Appendage |     2 |     1 |       ||     3
       Ice Form          |       |     2 |     2 ||     4
       Blade Hands       |       |       |     1 ||     1
  Use: Potion            |       |       |     3 ||     3
       Scroll            |       |       |     1 ||     1
 Stab: Sleeping          |       |     2 |     1 ||     3
Armor: Robe              |     3 |       |       ||     3
       Skin              |       |     4 |     5 ||     9
Dodge: Dodged            |     3 |    11 |    13 ||    27

Table legend:
 A = Spawn XP
 B = Non-spawn XP
 C = Spawn XP percentage of total XP
 D = Spawn monster count
 E = Non-spawn monster count
 F = Spawn count percentage of total count
 G = Total turns spent on level
                    A         B        C        D         E        F      G
               +---------+---------+-------+---------+---------+-------+---------
         Total |       0 |    1989 |   0.0 |       0 |      24 |   0.0 |   740
               +---------+---------+-------+---------+---------+-------+---------
             D |       0 |    1989 |   0.0 |       0 |      24 |   0.0 |   740
               +---------+---------+-------+---------+---------+-------+---------
